 Dungeon Crawl Stone Soup version 0.24.0-123-gd5b16e6ec5 (webtiles) character file.

Game seed: 5655991960395448911, levelgen mode: deterministic

12800 Devam the Destroyer (level 11, -6/75 HPs)
             Began as an Octopode Wizard on Jan 10, 2020.
             Was an Elder of Sif Muna.
             Killed from afar by a white imp (9 damage)
             ... with a puff of frost
             ... on level 2 of the Lair of Beasts.
             The game lasted 01:05:26 (20358 turns).

Devam the Destroyer (Octopode Wizard)              Turns: 20358, Time: 01:05:27

Health: -6/75      AC:  3    Str:  7    XL:     11   Next: 99%
Magic:  13/18      EV: 15    Int: 24    God:    Sif Muna [****..]
Gold:   895        SH:  5    Dex: 13    Spells: 1/20 levels left

rFire    + . .     SeeInvis .   x - +10 rapier "Mebroas" {freeze, rElec rF+ Int+3}
rCold    . . .     Gourm    .   q - +0 buckler
rNeg     . . .     Faith    .   a - +2 hat
rPois    .         Spirit   .   (no amulet)
rElec    +         Reflect  .   e - ring of resist corrosion
rCorr    +         Harm     .   (no ring)
MR       .....                  (no ring)
Stlth    +++++.....             (no ring)
HPRegen  0.22/turn              (no ring)
MPRegen  0.16/turn              (no ring)
                                (no ring)
                                (no ring)

@: no status effects
A: almost no armour, stealthy swim, amphibious, 8 rings, constrict 8, camouflage
1, gelatinous body 1
a: Channel Magic, Forget Spell, Divine Exegesis, Renounce Religion


You were on level 2 of the Lair of Beasts.
You worshipped Sif Muna.
Sif Muna was greatly pleased with you.
You were not hungry.

You visited 3 branches of the dungeon, and saw 14 of its levels.

You collected 895 gold pieces.

Inventory:

Hand Weapons
 s - a +1 dagger of protection
 x - the +10 rapier "Mebroas" (weapon) {freeze, rElec rF+ Int+3}
   (You took it off an orc on level 7 of the Dungeon)

   It has been specially enchanted to freeze those struck by it, causing extra
   injury to most foes and up to half again as much damage against particularly
   susceptible opponents.
   It can also slow down cold-blooded creatures.
   It affects your intelligence (+3).
   It protects you from fire.
   It insulates you from electricity.
 A - the +7 demon trident "Ycery" {venom, rF+}
   (You found it on level 8 of the Dungeon)

   It poisons the flesh of those it strikes.
   It protects you from fire.
Missiles
 j - 228 stones (quivered)
 v - 16 boomerangs
 y - a throwing net
 M - 4 silver boomerangs
Armour
 a - a +2 hat (worn)
 q - a +0 buckler (worn)
 C - a +3 shield
Jewellery
 e - a ring of resist corrosion (left tentacle)
Wands
 i - a wand of random effects (28)
 z - a wand of acid (16)
 F - a wand of disintegration (11)
Scrolls
 b - a scroll of immolation
 f - 4 scrolls of amnesia
 h - a scroll of fear
 k - a scroll of remove curse {@r2}
 n - 5 scrolls of teleportation
 p - a scroll of enchant weapon {unknown}
 u - a scroll of magic mapping {unknown}
 D - a scroll of noise {unknown}
 H - a scroll of identify {@r1}
 I - a scroll of brand weapon {unknown}
 K - a scroll of blinking {unknown}
 L - a scroll of silence {unknown}
Potions
 d - 5 potions of might
 g - 6 potions of heal wounds
 l - 6 potions of curing {@q1}
 m - a potion of resistance
 o - 3 potions of haste
 r - a potion of agility
 t - 4 potions of lignification
 B - a potion of ambrosia
 E - 2 potions of berserk rage {unknown}
 G - a potion of brilliance {unknown}
 J - a potion of flight {unknown}
Miscellaneous
 w - a lightning rod (4/4)
Comestibles
 c - 18 rations


   Skills:
 + Level 7.4 Fighting
 - Level 5.4 Short Blades
 - Level 5.0 Dodging
 - Level 8.0 Stealth
 - Level 4.4 Shields
 - Level 5.0 Spellcasting
 - Level 8.0 Conjurations
 - Level 2.0 Summonings
 - Level 2.0 Translocations
 - Level 3.1 Fire Magic
 - Level 5.2 Ice Magic
 - Level 5.0 Air Magic
 - Level 5.2 Poison Magic
 - Level 5.0 Invocations


You had one spell level left.
You knew the following spells:

 Your Spells              Type           Power        Failure   Level  Hunger
a - Magic Dart            Conj           ####         1%          1    None
b - Blink                 Tloc           N/A          6%          2    None
c - Call Imp              Summ           ###.....     6%          2    None
d - Conjure Flame         Conj/Fire      ####....     2%          3    ##.....
e - Mephitic Cloud        Conj/Pois/Air  #####...     2%          3    ##.....
f - Poisonous Vapours     Pois/Air       ####..       1%          2    None
g - Freezing Cloud        Conj/Ice/Air   #####.....   73%         6    #######

Your spell library contained the following spells:

 Spells                   Type           Power        Failure   Level  Hunger
 Corona                   Hex            #......      9%          1    None
 Infusion                 Chrm           #...         9%          1    None
 Sandblast                Erth           #.....       9%          1    None
 Stone Arrow              Conj/Erth      ####..       4%          3    ##.....
 Shroud of Golubria       Chrm/Tloc      ##....       9%          2    None
 Passwall                 Tmut/Erth      #.......     13%         2    None
 Slow                     Hex            #.......     13%         2    None
 Song of Slaying          Chrm           #.......     13%         2    None
 Inner Flame              Hex/Fire       ##......     14%         3    ##.....
 Portal Projectile        Hex/Tloc       ##....       17%         3    ##.....
 Regeneration             Chrm/Necr      #.........   26%         3    ##.....
 Spectral Weapon          Hex/Chrm       #.......     26%         3    ##.....
 Cause Fear               Hex            #.........   65%         4    ####...
 Leda's Liquefaction      Hex/Erth       #.........   65%         4    ####...
 Petrify                  Tmut/Erth      #.......     65%         4    ####...
 Lee's Rapid Deconstruct  Erth           #.........   94%         5    #####..
 Ring of Flames           Chrm/Fire      ##........   100%        7    #######


Dungeon Overview and Level Annotations

Branches:
Dungeon (11/15)            Temple (1/1) D:4            Lair (2/6) D:10
    Orc (0/2) D:10
  Swamp: Lair:2-4    Shoals: Lair:2-4     Snake: Lair:2-4    Spider: Lair:2-4

Altars:
Ashenzari
Cheibriados
Dithmenos
Elyvilon
Fedhas
Gozag
Hepliaklqana
Kikubaaqudgha
Makhleb
Nemelex Xobeh
Okawaru
Qazlal
Ru
Sif Muna
Trog
Uskayaw
Vehumet
Wu Jian
Xom
Yredelemnul
Zin
The Shining One
Beogh

Shops:
D:5 }   D:6 [   D:8 }

Portals:
Ice
Cave: Lair:2

Annotations:
Lair:1 exclusion: hydra


Innate Abilities, Weirdness & Mutations

You cannot wear most types of armour.
You are very stealthy in the water. (Stealth+)
You are amphibious.
You can wear up to eight rings at the same time.
You can use your tentacles to constrict eight enemies at once.
Your skin changes colour to match your surroundings (Stealth+).
Your rubbery body absorbs attacks. (AC +1, EV +1)


Message History

You kill the white imp!
Sif Muna accepts your kill.
You don't have the energy to cast that spell.
You eat one of the 19 rations.
That ration really hit the spot!
The white imp gestures at you. The puff of frost hits you!
* * * LOW HITPOINT WARNING * * *
The white imp gestures at you. The puff of frost hits you!
* * * LOW HITPOINT WARNING * * *
Casting: Magic Dart (safe; 1% risk of failure)
Confirm with . or Enter, or press ? or * to list all spells.
You blink.
The white imp closely misses you. The white imp gestures at you.
The puff of frost hits you.
* * * LOW HITPOINT WARNING * * *
The white imp gestures at you. The puff of frost hits you!
You die...

.#### #.#.....#
###^.#.### ##..#...####
#........####.........##
............##.####.....
...........#.#..##.#....
...........5....#####...
................# ##..
.........55∩..### #.#
.....).@.5....# #..#
...............# #..#.
..........###..# #.#..
..........# #### ..#..
..........# #..
.........#. #..
..........## ##. ...
........## #..# #..
#.... #.


You could see 4 white imps.

Vanquished Creatures
  3 two-headed ogres
  Pikel (D:6)
  Joseph (D:7)
  2 spiny frogs (Lair:1)
  A komodo dragon (D:10)
  2 trolls
  A hornet (D:7)
  2 hippogriffs
  A wyvern (D:8)
  14 yaks
  Eustachio (D:7)
  3 steam dragons (D:8)
  A warg (D:10)
  An acid dragon (D:8)
  A water moccasin (D:8)
  3 porcupines (Lair:1)
  2 sky beasts
  3 slaves (D:6)
  3 ogres
  4 orc warriors
  3 ice beasts
  4 phantoms
  3 black bears
  An eye of draining (D:9)
  8 centaurs
  3 crocodiles
  Blork the orc (D:7)
  11 bullfrogs
  A gnoll sergeant (D:7)
  A wyvern skeleton (D:9)
  3 scorpions
  2 wights
  3 howler monkeys
  3 crimson imps
  4 jellies
  2 bullfrog skeletons
  A gnoll shaman (D:4)
  6 hounds
  10 orc priests
  12 orc wizards
  An iguana (D:5)
  4 worker ants
  2 killer bee zombies
  A hound zombie (D:11)
  A howler monkey zombie (D:8)
  A worker ant zombie (D:10)
  2 gnolls (D:4)
  11 adders
  8 white imps (Lair:2)
  2 adder zombies
  An adder skeleton (D:9)
  3 worms
  5 leopard geckos
  54 orcs
  2 bat zombies (D:6)
  6 giant cockroaches
  9 goblins
  7 hobgoblins
  12 jackals
  7 kobolds
  7 quokkas
  2 ball pythons
  6 bats
  4 frilled lizards
  A leopard gecko zombie (D:5)
  A quokka skeleton (D:7)
  7 rats
  A rat zombie (D:6)
300 creatures vanquished.

Vanquished Creatures (collateral kills)
  2 sky beasts
  A gnoll (D:4)
3 creatures vanquished.

Vanquished Creatures (others)
  An orc wizard (D:4)
  An orc (D:7)
  A quokka (D:7)
  3 plants (D:10)
6 creatures vanquished.

Grand Total: 309 creatures vanquished

Notes
Turn   | Place    | Note
-------+----------+-------------------------------------------
     0 | D:1      | Devam the Octopode Wizard began the quest for the Orb.
     0 | D:1      | Reached XP level 1. HP: 11/11 MP: 4/4
   426 | D:1      | Reached XP level 2. HP: 17/17 MP: 3/6
   892 | D:1      | Reached XP level 3. HP: 21/21 MP: 1/7
  1283 | D:1      | Learned a level 2 spell: Blink
  1286 | D:1      | Learned a level 2 spell: Call Imp
  1290 | D:1      | Learned a level 3 spell: Conjure Flame
  1731 | D:2      | Reached XP level 4. HP: 9/27 MP: 4/8
  2191 | D:2      | Found a bloodstained altar of Trog.
  2214 | D:2      | Found a sacrificial altar of Ru.
  2247 | D:2      | Reached skill level 1 in Fire Magic
  2946 | D:3      | Reached XP level 5. HP: 28/31 MP: 4/9
  4095 | D:3      | Reached skill level 1 in Shields
  4244 | D:3      | Reached XP level 6. HP: 36/36 MP: 4/10
  4293 | D:3      | Learned a level 3 spell: Mephitic Cloud
  4438 | D:4      | Noticed a sky beast
  4441 | D:4      | Noticed a phantom
  4857 | D:4      | Found a faded altar of an unknown god.
  4859 | D:4      | Found a staircase to the Ecumenical Temple.
  4866 | Temple   | Entered the Ecumenical Temple
  4978 | Temple   | Became a worshipper of Sif Muna the Loreminder
  5572 | D:4      | Reached skill level 5 in Stealth
  6437 | D:4      | Killed a sky beast
  6437 | D:4      | Reached XP level 7. HP: 30/41 MP: 3/11
  7564 | D:5      | Entered Level 5 of the Dungeon
  7566 | D:5      | Found Afeykoll's Gadget Boutique.
  7673 | D:5      | Reached skill level 1 in Air Magic
  7673 | D:5      | Reached skill level 1 in Poison Magic
  7858 | D:5      | Found a shimmering altar of Xom.
  8109 | D:5      | Found a hide-covered altar of Uskayaw.
  8141 | D:5      | Reached XP level 8. HP: 20/46 MP: 3/12
  8899 | D:6      | Reached * piety under Sif Muna
  9101 | D:6      | Found Qokipp's Armour Shoppe.
  9776 | D:6      | Reached skill level 5 in Conjurations
 10250 | D:6      | Found an ancient bone altar of Kikubaaqudgha.
 10261 | D:6      | Learned a level 2 spell: Poisonous Vapours
 10377 | D:6      | Noticed Pikel
 10409 | D:6      | Killed Pikel
 10409 | D:6      | Reached XP level 9. HP: 12/59 MP: 2/15
 10885 | D:7      | Noticed a hornet
 10885 | D:7      | Noticed a gargoyle
 10976 | D:7      | Reached skill level 5 in Fighting
 11044 | D:7      | Identified the +10 rapier "Mebroas" {freeze, rElec rF+
                  | Int+3}
 11271 | D:7      | Reached skill level 1 in Short Blades
 11544 | D:7      | Reached skill level 5 in Spellcasting
 11674 | D:7      | Noticed Eustachio
 11675 | D:7      | Noticed Blork the orc
 11717 | D:7      | Killed Eustachio
 11717 | D:7      | Reached skill level 5 in Poison Magic
 11963 | D:7      | Found a white marble altar of Elyvilon.
 12054 | D:7      | Reached ** piety under Sif Muna
 12168 | D:7      | Killed Blork the orc
 12189 | D:7      | Reached XP level 10. HP: 60/66 MP: 0/17
 12344 | D:7      | Noticed Joseph
 12928 | D:7      | Killed Joseph
 12928 | D:7      | Reached skill level 5 in Short Blades
 13568 | D:8      | Reached skill level 5 in Dodging
 13593 | D:8      | Noticed a cyclops
 14187 | D:8      | Got a dazzling demon trident
 14394 | D:8      | Found a sacrificial altar of Ru.
 14477 | D:8      | Found Voduydd's Gadget Shoppe.
 14623 | D:8      | Noticed a two-headed ogre
 14638 | D:8      | Killed a two-headed ogre
 14638 | D:8      | Reached skill level 5 in Air Magic
 14738 | D:8      | Learned a level 6 spell: Freezing Cloud
 14791 | D:8      | Found a roughly hewn altar of Beogh.
 14817 | D:8      | Reached skill level 1 in Ice Magic
 14991 | D:8      | Noticed a two-headed ogre
 15004 | D:8      | Killed a two-headed ogre
 15157 | D:8      | Found a glowing golden altar of the Shining One.
 15285 | D:9      | Identified the +7 demon trident "Ycery" {venom, rF+} (You
                  | found it on level 8 of the Dungeon)
 15533 | D:9      | Reached XP level 11. HP: 71/71 MP: 0/18
 15665 | D:9      | Reached *** piety under Sif Muna
 16253 | D:10     | Entered Level 10 of the Dungeon
 16612 | D:10     | Found a staircase to the Orcish Mines.
 16869 | D:10     | Reached skill level 5 in Ice Magic
 17062 | D:10     | Reached skill level 1 in Invocations
 17063 | D:10     | Found a staircase to the Lair.
 17472 | D:11     | Reached **** piety under Sif Muna
 17592 | D:11     | Noticed a death knight
 17889 | D:11     | Found a shimmering blue altar of Sif Muna.
 17894 | D:11     | Noticed a two-headed ogre
 17909 | D:11     | HP: 1/71 [two-headed ogre/+0 giant club (10)]
 17914 | D:11     | Killed a two-headed ogre
 18834 | Lair:1   | Entered Level 1 of the Lair of Beasts
 18860 | Lair:1   | Reached skill level 5 in Invocations
 19944 | Lair:1   | Noticed a five-headed hydra
 20336 | Lair:2   | Found a frozen archway.
 20358 | Lair:2   | HP: 3/75 [white imp/puff of frost (6)]
 20358 | Lair:2   | Killed from afar by a white imp

Levels and vault maps discovered:
D:1:      dpeg_arrival_round_c, layout_loops_ring
D:2:      layout_rooms, lemuel_coloured_pillars_altar, bloody_trog,
          first_ration, nrook_campfire, hex_large, minmay_heptomino_l4
D:3:      layout_loops_ring
D:4:      layout_basic, nicolae_temple_entry_ecumenical,
          kennysheep_generic_room_2
D:5:      minmay_evil_eye, layout_cave_pools, eat_drink_and_be_merry_uskayaw,
          basic_altar, serial_shops, shop_statue
D:6:      layout_loops_ring, lemuel_zombie_altar_kikubaaqudgha, serial_shops,
          nicolae_shop_waterfront, uniq_pikel
D:7:      layout_gridville, elyvilon_altar_4, grunt_ogre_cave,
          wad_floor_pattern_untrapped, sword_in_stone, uniq_joseph
D:8:      minmay_the_grid_four_pointed_star [minmay_the_grid_triangle_9x9_alien,
          minmay_the_grid_triangle_9x9_limited_checkers,
          minmay_the_grid_triangle_9x9_pentomino_pain,
          minmay_the_grid_triangle_9x9_stretched_checkered,
          minmay_the_grid_prize_diamond_cup], layout_rooms, tso_metal_star,
          serial_shops, shop, special_room [special_room_orc], chequers_garden,
          nicolae_ru_sacrificial_ziggurat
D:9:      layout_cave_pools, serial_glass, glass_columns_a, glass_columns_c,
          glass_columns_a, glass_columns_c
D:10:     layout_roguey, david_lair_shrubbed, david_orc_3
D:11:     layout_gridville, basic_altar, minmay_misc_feat_pillars
Temple:   nicolae_temple_elliptical
Lair:1:   layout_cave_pods
Lair:2:   layout_cave_pods, minmay_shoals_entry_lonely_mermaid,
          portal_ice_cave_entry_imps, basic_altar, serial_bayou_shore_b

Skill      XL: |  1  2  3  4  5  6  7  8  9 10 11 |
---------------+----------------------------------+-----
Conjurations   | 2 3 5 7 8 |  8.0
Stealth        | 3 4 5 8 |  8.0
Fire Magic     | 1 2 3 |  3.1
Summonings     | 2 |  2.0
Translocations | 2 |  2.0
Shields        | 1 3 4 |  4.4
Air Magic      | 2 3 5 |  5.0
Poison Magic   | 3 5 |  5.2
Spellcasting   | 4 5 |  5.0
Fighting       | 4 5 7 |  7.4
Short Blades   | 4 5 |  5.4
Dodging        | 5 |  5.0
Ice Magic      | 3 5 |  5.2
Invocations    | 5 |  5.0

Action                   |  1- 3 |  4- 6 |  7- 9 | 10-12 || total
-------------------------+-------+-------+-------+-------++-------
Melee: Unarmed           |    23 |       |       |       ||    23
       Constrict         |    11 |    21 |    29 |    36 ||    97
       Tentacles         |     3 |    22 |    35 |    26 ||    86
       Dagger            |    16 |   119 |   215 |       ||   350
       Rapier            |       |       |    32 |   225 ||   257
Throw: Stone             |       |       |    23 |     1 ||    24
 Cast: Magic Dart        |    61 |   132 |   186 |   164 ||   543
       Call Imp          |       |    17 |    17 |    10 ||    44
       Blink             |       |     3 |     6 |     6 ||    15
       Conjure Flame     |       |     2 |     7 |     7 ||    16
       Mephitic Cloud    |       |       |     5 |    25 ||    30
       Poisonous Vapours |       |       |    31 |    87 ||   118
  Use: Scroll            |       |     4 |     6 |    12 ||    22
 Stab: Sleeping          |     2 |     2 |    11 |    15 ||    30
       Confused          |       |       |     3 |     6 ||     9
  Eat: Chunk             |     2 |    11 |    11 |    24 ||    48
       Ration            |       |     1 |     3 |     1 ||     5
Armor: Skin              |     7 |    16 |    40 |     6 ||    69
Dodge: Dodged            |    24 |    88 |   113 |   105 ||   330
Block: Buckler           |       |    20 |    41 |    29 ||    90
